 Dungeon Crawl Stone Soup version 0.25.0-11-g1f837a76a1 (webtiles) character file.

Game seed: 18000720971946438305

48 nikku the Skirmisher (level 3, -2/33 HPs)
             Began as a Ghoul Monk on June 26, 2020.
             Splashed by a jelly's acid (5 damage)
             ... on level 3 of the Dungeon.
             The game lasted 00:03:18 (1676 turns).

nikku the Skirmisher (Ghoul Monk)                   Turns: 1676, Time: 00:03:19

Health: -2/33      AC: -5    Str: 15    XL:     3   Next: 72%
Magic:  2/2        EV: 12    Int:  5    God:
Gold:   98         SH:  0    Dex: 11    Spells: 2/2 levels left

rFire    . . .     SeeInvis .     - Unarmed
rCold    + . .     Gourm    .   (no shield)
rNeg     + + +     Faith    .   a - +0 robe
rPois    ∞         Spirit   .   (no helmet)
rElec    .         Reflect  .   (no cloak)
rCorr    .         Harm     .   (no gloves)
MR       .....                  (no boots)
Stlth    ++........             (no amulet)
HPRegen  0.00/turn              (no ring)
MPRegen  0.08/turn              (no ring)

@: corroded, rotting
A: rotting body, claws 1, carnivore, cold resistance 1, negative energy
resistance 3, inhibited regeneration, torment resistance, unbreathing
a: no special abilities


You were on level 3 of the Dungeon.
You were not hungry.

You visited 1 branch of the dungeon, and saw 3 of its levels.

You collected 98 gold pieces.

Inventory:

Missiles
 h - 15 poisoned darts (quivered)
Armour
 a - a +0 robe (worn)
Scrolls
 d - a scroll of teleportation {unknown}
 e - a scroll of enchant armour {unknown}
 f - a scroll of identify
 j - a scroll of remove curse
 l - a scroll of amnesia
Potions
 g - a potion of stabbing {unknown}
 i - a potion of magic {unknown}
 k - a potion of haste {unknown}
Comestibles
 b - 6 rations
 c - 2 chunks of flesh


   Skills:
 + Level 4.0 Fighting
 + Level 1.4 Armour
 - Level 2.6 Dodging
 - Level 2.1 Stealth
 + Level 3.9 Unarmed Combat


You had 2 spell levels left.
You didn't know any spells.
Your spell library was empty.

Dungeon Overview and Level Annotations

Branches:
Dungeon (3/15)

Altars:
Dithmenos
Ru


Innate Abilities, Weirdness & Mutations

Your body is rotting away.
You thrive on raw meat.
You are immune to poison.
You have sharp fingernails.
You are carnivorous and can eat meat at any time.
Your flesh is cold resistant. (rC+)
You are immune to negative energy. (rN+++)
You do not regenerate when monsters are visible.
You are immune to unholy pain and torment.
You can survive without breathing.


Message History

You scratch the jelly but do no damage.
Your claws burn!
The jelly misses you.
You scratch the jelly but do no damage.
Your claws burn!
The jelly barely misses you.
You are too injured to fight recklessly!
You are too injured to fight recklessly!
You are too injured to fight recklessly!
You are too injured to fight recklessly!
You are too injured to fight recklessly!
You scratch the jelly. The acid corrodes you!
Your claws burn!
The jelly is moderately wounded.
The jelly hits you.
You are splashed with acid.
* * * LOW HITPOINT WARNING * * *
You barely miss the jelly.
The jelly is moderately wounded.
You scratch the jelly but do no damage.
Your claws burn!
* * * LOW HITPOINT WARNING * * *
The jelly is moderately wounded.
The jelly misses you.
You scratch the jelly but do no damage.
Your claws burn!
You die...

.. .< . ##. !.#
###.. ....###...
.........# ..
#......#####....
#J@..........
#....#..####.#
.....#####....#
...........!....#
.## #########...#
...... .....
....# ....


You could see a jelly.

Vanquished Creatures
  7 bats
  A giant cockroach (D:2)
  6 goblins (D:1)
  5 hobgoblins
  3 jackals (D:1)
  7 kobolds
  A quokka (D:2)
  2 ball pythons
  4 frilled lizards
  7 rats
43 creatures vanquished.

Notes
Turn   | Place    | Note
-------+----------+-------------------------------------------
     0 | D:1      | nikku the Ghoul Monk began the quest for the Orb.
     0 | D:1      | Reached XP level 1. HP: 19/19 MP: 0/0
   197 | D:1      | Reached XP level 2. HP: 26/26 MP: 1/1
   518 | D:1      | Reached skill level 1 in Armour
   566 | D:1      | Reached XP level 3. HP: 33/33 MP: 2/2
  1309 | D:2      | Found a sacrificial altar of Ru.
  1450 | D:2      | Reached skill level 4 in Fighting
  1487 | D:2      | Found a shadowy altar of Dithmenos.
  1640 | D:2      | You fall into a shaft and drop 1 floor!
  1676 | D:3      | Splashed by a jelly's acid

Illustrated notes

Levels and vault maps discovered:
D:1:      elethiomel_arrival_maze, layout_loops_ring
D:2:      layout_loops_ring, nicolae_ru_sacrificial_ziggurat,
          grunt_dithmenos_smoke, serial_glass, glass_columns_b, glass_columns_c
D:3:      layout_rooms, lemuel_coloured_pillars_altar,
          hangedman_decor_peaks_small, kennysheep_orc_chapel

Skill      XL: |  1  2  3 |
---------------+----------+-----
Armour         | 1 |  1.4
Fighting       | 4 |  4.0
Dodging        | |  2.6
Stealth        | |  2.1
Unarmed Combat | |  3.9

Action                   || total
-------------------------++-------
Melee: Unarmed           ||   115
       Punch             ||     2
  Use: Scroll            ||     4
 Stab: Sleeping          ||     6
  Eat: Chunk             ||     9
Armor: Robe              ||    18
Dodge: Dodged            ||    70
